 Dungeon Crawl Stone Soup version 0.19.5 (webtiles) character file.

3082 Bingowings the Blocker (level 9, 0/84 HPs)
             Began as a Gargoyle Berserker on May 6, 2017.
             Was an Elder of Trog.
             Slain by an orc warrior
             ... wielding a +0 flail
              (7 damage)
             ... on level 8 of the Dungeon.
             The game lasted 00:19:22 (5185 turns).

Bingowings the Blocker (Gargoyle Berserker)         Turns: 5185, Time: 00:19:23

Health: 0/84       AC: 19    Str: 29    XL:     9   Next: 89%
Magic:  9/9        EV: 10    Int:  8    God:    Trog [****..]
Gold:   349        SH:  0    Dex:  9    Spells: 0 memorised, 8 levels left

rFire  . . .     SeeInvis .     x - +1 long sword (slice)
rCold  . . .     Gourm    .     e - +0 chain mail
rNeg   + . .     Faith    .     (no shield)
rPois  ∞         Spirit   .     (no helmet)
rElec  +         Reflect  .     b - +0 cloak
rCorr  .         Harm     .     i - +1 pair of gloves
MR     .....                    (no boots)
Stlth  ..........               (no amulet)
                                (no ring)
                                (no ring)

@: berserking, very quick
A: negative energy resistance 1, electricity resistance, unbreathing,
petrification resistance, rot immunity, AC +5
a: Berserk, Trog's Hand, Brothers in Arms, Burn Spellbooks, Renounce Religion


You were on level 8 of the Dungeon.
You worshipped Trog.
Trog was greatly pleased with you.
You were very full.

You visited 1 branch of the dungeon, and saw 8 of its levels.

You collected 349 gold pieces.

Inventory:

Hand Weapons
 t - a +2 flail of protection
 u - a +2 battleaxe
 v - a +3 battleaxe of freezing
 x - a +1 long sword of slicing (weapon)
Armour
 b - a +0 cloak (worn)
 d - a +0 shield
 e - a +0 chain mail (worn)
 i - a +1 pair of gloves (worn)
Wands
 l - a wand of teleportation (1/9)
 n - a wand of disintegration (8/24)
 q - a wand of digging (18/24)
 s - a wand of random effects (23/48)
Scrolls
 h - a scroll of fog
 k - 3 scrolls of magic mapping
 w - 2 scrolls of remove curse
Potions
 f - 4 potions of lignification
 g - a potion of berserk rage
 j - a potion of brilliance
 m - a potion of cancellation {unknown}
 o - a potion of invisibility
 p - a potion of ambrosia {unknown}
Comestibles
 a - 3 meat rations
 c - a bread ration
 r - 4 fruits


   Skills:
 + Level 6.3 Fighting
 + Level 0.5(4.7) Axes
 + Level 8.2(8.3) Maces & Flails
 + Level 6.1 Armour
 + Level 2.7 Dodging
 + Level 1.3 Stealth
 - Level 8.3 Shields


You had 8 spell levels left.
You didn't know any spells.

Dungeon Overview and Level Annotations

Branches:
Dungeon (8/15)             Temple (0/1) D:6
   Lair: D:8-11

Altars:
Trog
Uskayaw

Shops:
D:4 *   D:7 *=


Innate Abilities, Weirdness & Mutations

You are resistant to torment.
Your stone body is resilient. (AC +5)
You are immune to poison.
You resist negative energy. (rN+)
You are resistant to electric shocks. (rElec)
You can survive without breathing.
You are immune to petrification.
You are immune to rotting.


Message History

A red film seems to cover your vision as you go berserk!
You feel yourself moving faster!
You feel mighty!
You feel quite a bit less full.
The orc priest looks encouraged for a moment.
You slash the orc warrior!
The orc warrior is heavily wounded.
The orc warrior barely misses you.
Your chain mail prevents you from hitting the orc warrior.
The orc warrior is heavily wounded.
The orc warrior hits you with a flail!
* * * LOW HITPOINT WARNING * * *
You barely miss the orc warrior.
The orc warrior is heavily wounded.
The orc warrior hits you with a flail.
* * * LOW HITPOINT WARNING * * *
You slash the orc warrior!
The orc warrior is almost dead.
The orc priest begins to cast a cantrip, but forgets the words!
The orc warrior hits you with a flail!
You die...

.# ####. #.>
.... .(. #..
..# #.# #o#
#.#####.#
#o#
#.....<.#
#o#
#######.#
#o#
####.#####@#
#..........#
#.....######
#####.# #.#
#.# #.# #.#
#.#


You could see an orc warrior, 2 orc priests and an orc.

Vanquished Creatures
  Pikel (D:6)
  A troll (D:6)
  Edmund (D:6)
  Duvessa (D:6)
  A black bear (D:6)
  A sky beast (D:5)
  3 ogres
  2 phantoms
  3 centaurs
  A crocodile (D:7)
  5 bullfrogs
  Dowan (D:6)
  A scorpion (D:5)
  2 howler monkeys
  4 wights (D:7)
  A crimson imp (D:4)
  An orc priest (D:4)
  A hound (D:7)
  2 jellies
  A centaur skeleton (D:6)
  Jessica (D:2)
  4 orc wizards
  2 worker ants
  Robin (D:2)
  A howler monkey skeleton (D:5)
  8 adders
  An ooze (D:4)
  An adder zombie (D:6)
  An adder skeleton (D:4)
  3 worms
  A dart slug (D:2)
  6 leopard geckos
  14 orcs
  5 giant cockroaches
  9 goblins
  14 hobgoblins
  12 kobolds
  6 quokkas
  2 ball pythons
  4 bats
  7 frilled lizards
  6 rats
143 creatures vanquished.

Vanquished Creatures (collateral kills)
  A hungry ghost (D:7)
  A water moccasin skeleton (D:7)
2 creatures vanquished.

Vanquished Creatures (others)
  A slave (D:6)
1 creature vanquished.

Grand Total: 146 creatures vanquished

Notes
Turn   | Place    | Note
-------+----------+-------------------------------------------
     0 | D:1      | Bingowings the Gargoyle Berserker began the quest for the Orb.
     0 | D:1      | Reached XP level 1. HP: 14/14 MP: 1/1
   185 | D:1      | Reached XP level 2. HP: 13/19 MP: 2/2
   473 | D:1      | Reached XP level 3. HP: 22/24 MP: 3/3
   571 | D:1      | Reached ** piety under Trog
   726 | D:2      | Noticed Robin
   737 | D:2      | Killed Robin
   737 | D:2      | Reached skill level 1 in Shields
   742 | D:2      | Noticed Jessica
   746 | D:2      | Reached XP level 4. HP: 12/29 MP: 4/4
   753 | D:2      | Killed Jessica
  1019 | D:2      | Reached XP level 5. HP: 25/34 MP: 5/5
  1506 | D:3      | Reached *** piety under Trog
  2179 | D:4      | Noticed an ogre
  2186 | D:4      | Killed an ogre
  2186 | D:4      | Reached XP level 6. HP: 39/39 MP: 6/6
  2493 | D:4      | Found Ejasik's General Store.
  2609 | D:4      | Reached XP level 7. HP: 44/44 MP: 7/7
  2744 | D:5      | Entered Level 5 of the Dungeon
  2862 | D:5      | Reached skill level 5 in Maces & Flails
  2949 | D:5      | Reached **** piety under Trog
  2958 | D:5      | Reached skill level 5 in Shields
  2965 | D:5      | Found a hide-covered altar of Uskayaw.
  2974 | D:5      | Reached skill level 5 in Fighting
  2997 | D:5      | Reached XP level 8. HP: 21/49 MP: 8/8
  3516 | D:6      | Noticed Duvessa
  3516 | D:6      | Noticed Dowan
  3530 | D:6      | Killed Duvessa
  3538 | D:6      | Killed Dowan
  3538 | D:6      | Reached skill level 5 in Armour
  3543 | D:6      | Reached XP level 9. HP: 6/54 MP: 9/9
  3847 | D:6      | Noticed Pikel
  3860 | D:6      | Killed Pikel
  3860 | D:6      | Reached skill level 1 in Stealth
  3882 | D:6      | Found a staircase to the Ecumenical Temple.
  3905 | D:6      | Noticed a troll
  3914 | D:6      | Killed a troll
  4313 | D:6      | Noticed Edmund
  4332 | D:6      | Killed Edmund
  4449 | D:7      | Found Kifreqim's Jewellery Boutique.
  4482 | D:7      | Received a gift from Trog
  4801 | D:7      | Found a bloodstained altar of Trog.
  4868 | D:7      | Found Qucum's General Store.
  5185 | D:8      | Slain by an orc warrior

Skill      XL: |  1  2  3  4  5  6  7  8  9 |
---------------+----------------------------+-----
Fighting       | 4 5 6 |  6.3
Shields        | 1 3 4 5 6 8 |  8.3
Armour         | 3 4 5 6 |  6.1
Maces & Flails | 4 5 7 8 |  8.2
Dodging        | 2 |  2.7
Stealth        | 1 |  1.3
Axes           | |  0.5

Action                   |  1- 3 |  4- 6 |  7- 9 || total
-------------------------+-------+-------+-------++-------
Melee: Mace              |   116 |     5 |       ||   121
       Club              |       |   116 |       ||   116
       Flail             |       |    74 |   242 ||   316
       Battleaxe         |       |       |    29 ||    29
       Long sword        |       |       |    21 ||    21
Invok: Berserk           |     1 |       |     2 ||     3
       Burn Spellbooks   |       |       |     1 ||     1
       Brothers in Arms  |       |       |     1 ||     1
  Use: Scroll            |     3 |     7 |     8 ||    18
       Potion            |       |       |     6 ||     6
 Stab: Invisible         |       |       |     2 ||     2
  Eat: Bread ration      |       |     1 |     3 ||     4
       Meat ration       |       |     1 |       ||     1
       Beef jerky        |       |       |     1 ||     1
Armor: Animal skin       |     6 |       |       ||     6
       Chain mail        |    73 |   102 |   211 ||   386
Dodge: Dodged            |    27 |    38 |    78 ||   143
Block: Shield            |    44 |    77 |   162 ||   283
       Rpst.: Long sword |       |       |     3 ||     3
